AoeStats
← Ratko_Mladic

Nomad

503600433Analyzed
4v4 RM · 29d ago on Sep 1, 2026· 49m 9s· 8 players
Game mode
Random Map
Map size
231×231
Population
200
Speed
Normal
Resources
Standard
Victory
Conquest
Starting age
Dark Age
Ending age
Imperial Age
RankedLock teamsTeams togetherTeam positionsShared explorationLock speedFull tech treeHidden civsTurbo modeCheats
Victory
Defeat
🇨🇳 Persians · China
1121
+15
🇻🇳 Chinese · Vietnam
1081
+16
🇨🇳 Burgundians · China
1077
+17
🇨🇳 Mongols · China
1032
+19
🇨🇳 Vietnamese · China
1363
-27
🇭🇰 Tatars · Hong Kong SAR China
1114
-46
🇬🇧 Byzantines · United Kingdom
1058
-15
🇨🇳 Georgians · China
831
-21
🍌
9:01 Loom
12:23 Double-Bit Axe
14:25 Feudal Age
19:07 Castle Age
17:46 Bow Saw
18:36 Horse Collar
27:39 Forging
29:34 Heavy Plow
31:31 Scale Barding Armor
33:11 Chain Barding Armor
34:08 Iron Casting
35:01 Wheelbarrow
35:29 Two-Man Saw
35:11 Husbandry
38:15 Crop Rotation
39:04 Hand Cart
42:41 Imperial Age
40:47 Fletching
42:45 Elite Coustillier
44:02 Plate Barding Armor
44:28 Blast Furnace
44:11 Masonry
48:42 Chemistry
48:28 Padded Archer Armor
48:47 Town Watch
50:07 Conscription
东方神龙
9:16 Loom
16:41 Feudal Age
20:26 Castle Age
18:31 Gold Mining
18:50 Double-Bit Axe
19:14 Horse Collar
20:58 Fishing Lines
23:06 Bow Saw
23:01 Town Watch
24:11 Wheelbarrow
24:19 Bloodlines
24:11 Husbandry
24:16 Fletching
26:28 Stone Mining
Daniel
4:17 Loom
14:10 Feudal Age
19:52 Castle Age
18:33 Stone Mining
20:54 Crossbowman
23:31 Fletching
38:58 Wheelbarrow
40:43 Double-Bit Axe
40:39 Horse Collar
40:50 Gold Mining
42:45 Heavy Plow
44:19 Hand Cart
49:33 Imperial Age
47:21 Bow Saw
47:48 Gold Shaft Mining
心焰
13:42 Feudal Age
17:16 Castle Age
15:41 Double-Bit Axe
18:07 Bow Saw
17:48 Fishing Lines
19:26 Gillnets
21:27 Horse Collar
22:19 Medium Warships
23:54 Heavy Plow
27:20 Gold Mining
27:30 Stone Mining
28:23 Wheelbarrow
28:22 Loom
28:34 Loom
28:36 Town Watch
29:37 Gold Shaft Mining
33:25 Imperial Age
31:20 Hand Cart
31:39 Bloodlines
31:29 Husbandry
32:27 Stone Shaft Mining
32:35 Town Patrol
32:45 Scale Barding Armor
32:50 Forging
33:52 Chain Barding Armor
33:11 Cavalier
35:11 Plate Barding Armor
35:12 Iron Casting
35:18 Conscription
34:58 Fletching
35:33 Ballistics
36:14 Chemistry
36:42 Crop Rotation
37:30 Chemistry
37:38 Blast Furnace
36:14 Savar
37:30 Bodkin Arrow
37:36 Scale Mail Armor
38:41 Citadels
39:37 Padded Archer Armor
41:45 Leather Archer Armor
41:46 Chain Mail Armor
44:28 Ring Archer Armor
44:28 Plate Mail Armor
44:11 Masonry
44:22 Ballistics
43:58 Murder Holes
47:12 Architecture
Ratko_Mladic
15:51 Feudal Age
20:04 Castle Age
19:20 Fishing Lines
21:06 Gillnets
22:21 Double-Bit Axe
24:15 Bow Saw
25:23 Wheelbarrow
26:07 Gold Mining
29:36 Imperial Age
28:30 Careening
28:33 Clinker Construction
29:11 Medium Warships
29:48 Gold Shaft Mining
31:26 Dry Dock
31:28 Carvel Hull
31:39 Heavy Warships
32:26 Ballistics
33:14 Chemistry
32:12 Fletching
33:04 Greek Fire
34:31 Bodkin Arrow
35:30 Bracer
41:02 Guilds
40:23 Pikeman
41:04 Squires
40:50 Arson
41:18 Forging
41:08 Scale Mail Armor
41:54 Halberdier
43:46 Iron Casting
43:27 Chain Mail Armor
48:35 Murder Holes
白桃桃
9:20 Loom
13:43 Feudal Age
14:09 Double-Bit Axe
15:04 Horse Collar
19:17 Town Watch
22:09 Castle Age
23:18 Bow Saw
24:18 Scale Barding Armor
24:25 Forging
25:01 Wheelbarrow
26:32 Gold Mining
26:44 Heavy Plow
27:42 Iron Casting
27:53 Husbandry
29:27 Scale Barding Armor
29:33 Bloodlines
30:44 Herbal Medicine
37:52 Chain Barding Armor
37:58 Pikeman
38:59 Scale Mail Armor
39:33 Hand Cart
40:05 Fletching
42:56 Imperial Age
41:28 Chain Mail Armor
42:06 Stone Mining
43:10 Bodkin Arrow
七七2025
15:47 Feudal Age
19:52 Castle Age
17:37 Loom
18:53 Double-Bit Axe
18:50 Horse Collar
19:26 Fletching
20:10 Stone Mining
22:45 Stone Shaft Mining
42:30 Wheelbarrow
42:06 Bow Saw
EBE_3
4:48 Loom
13:35 Feudal Age
17:41 Castle Age
17:17 Double-Bit Axe
18:37 Medium Warships
19:35 Gold Mining
20:05 Bow Saw
23:39 Fishing Lines
26:37 Forging
35:59 Wheelbarrow
41:06 Imperial Age
40:08 Silk Armor
40:05 Fletching
41:12 Husbandry
41:22 Bloodlines
41:48 Iron Casting
41:19 Scale Barding Armor
41:10 Bodkin Arrow
41:01 Horse Collar
42:11 Conscription
43:33 Heavy Plow
45:13 Blast Furnace
45:11 Chain Barding Armor
45:32 Hand Cart
45:02 Town Watch
47:28 Fortified Wall
47:13 Murder Holes
46:59 Treadmill Crane
46:46 Elite Keshik
Connection lost

Rejoining the realm…

Still unreachable

The connection could not be restored.

Session expired

The server has moved on; the page needs a fresh start.